[ AOE2 MATCH · #485469921 ]
UnrankedPersians vs Mongols
[ REPLAY ANALYSIS · EXTRACTED FROM THE RECORDED GAME ]
Feudal
15:45
Castle
20:42
Imperial
—
| APM avg | 29.0 |
| APM peak | 70 |
| eAPM avg | 10.7 |
| Villagers / military | 60 / 25 |
Focus
⚔️ 25.3% · 🌾 74.7%
Knight ×14 · Camel Scout ×10 · Battering Ram ×1
Feudal
12:54
Castle
23:35
Imperial
—
| APM avg | 24.3 |
| APM peak | 53 |
| eAPM avg | 11.4 |
| Villagers / military | 73 / 20 |
Focus
⚔️ 19.8% · 🌾 80.2%
Scout Cavalry ×16 · Spearman ×2 · Camel Scout ×2
Feudal
15:55
Castle
30:07
Imperial
—
| APM avg | 14.5 |
| APM peak | 37 |
| eAPM avg | 7.8 |
| Villagers / military | 54 / 24 |
Focus
⚔️ 23.0% · 🌾 77.0%
Skirmisher ×9 · Spearman ×7 · Scout Cavalry ×7 · Genitour ×1
Feudal
12:01
Castle
19:09
Imperial
35:14
| APM avg | 22.2 |
| APM peak | 50 |
| eAPM avg | 14.8 |
| Villagers / military | 130 / 30 |
Focus
⚔️ 15.9% · 🌾 84.1%
Mameluke ×23 · Battering Ram ×4 · Trebuchet (Packed) ×3
Feudal
14:33
Castle
22:25
Imperial
—
| APM avg | 36.2 |
| APM peak | 63 |
| eAPM avg | 22.3 |
| Villagers / military | 110 / 49 |
Focus
⚔️ 23.7% · 🌾 76.3%
Militia ×18 · War Wagon ×15 · Petard ×9 · Fire Lancer ×5 · Iron Pagoda ×1 · Battering Ram ×1
Feudal
13:25
Castle
16:57
Imperial
—
| APM avg | 41.3 |
| APM peak | 73 |
| eAPM avg | 17.6 |
| Villagers / military | 87 / 22 |
Focus
⚔️ 36.3% · 🌾 63.7%
Mangudai ×22
Match map
Initial resources + every placement click. Lines = walls · curves = elevation contours. ◆ gold · ⬟ stone · ● berries · ✦ relic · ◌ wall gap
Your base· Open — 5t gap
Swish's base· Open — unwalled flank
Relief's base· Open — unwalled flank
youngViper's base· Open — unwalled flank
youngHera's base· Open — unwalled flank
Quando's base· Open — unwalled flank
Smoothed initial terrain · ◌ = detected wall gap · hover for details
Inputs per minute
— Fr4ggi - - Swish
Build order — Fr4ggi
First 150 of 164 actions detected
| 0:24 | Build | Town Center |
| 2:40 | Queue | Villager (Male) |
| 3:13 | Queue | Villager (Male) |
| 3:26 | Build | House |
| 4:02 | Queue | Villager (Male) |
| 4:19 | Queue | Villager (Male) |
| 4:59 | Queue | Villager (Male) |
| 5:19 | Queue | Villager (Male) |
| 5:46 | Queue | Villager (Male) |
| 6:03 | Queue | Villager (Male) |
| 6:09 | Build | House |
| 6:21 | Research | Loom |
| 6:23 | Queue | Villager (Male) |
| 6:56 | Queue | Villager (Male) |
| 6:56 | Queue | Villager (Male) |
| 7:34 | Queue | Villager (Male) |
| 8:39 | Queue | Villager (Male) |
| 8:39 | Queue | Villager (Male) |
| 9:09 | Build | House |
| 9:54 | Build | House |
| 9:59 | Queue | Villager (Male) |
| 9:59 | Queue | Villager (Male) |
| 10:36 | Queue | Villager (Male) |
| 10:46 | Build | Mill |
| 10:57 | Queue | Villager (Male) |
| 11:07 | Build | Farm |
| 11:12 | Build | Farm |
| 11:13 | Queue | Villager (Male) |
| 11:44 | Queue | Villager (Male) |
| 12:02 | Build | Farm |
| 12:05 | Build | Farm |
| 12:07 | Queue | Villager (Male) |
| 12:35 | Build | Barracks |
| 12:40 | Queue | Villager (Male) |
| 12:50 | Build | Lumber Camp |
| 13:07 | Build | Lumber Camp |
| 13:18 | Queue | Villager (Male) |
| 13:39 | Research | Feudal Age |
| 13:56 | Build | Mining Camp |
| 14:04 | Queue | Villager (Male) |
| 14:10 | Build | House |
| 15:45 | Age | Feudal Age |
| 15:52 | Build | Stable |
| 15:57 | Queue | Villager (Male) |
| 16:10 | Build | House |
| 16:22 | Build | Farm |
| 16:26 | Queue | Villager (Male) |
| 16:55 | Build | Blacksmith |
| 17:31 | Queue | Villager (Male) |
| 17:42 | Queue | Villager (Male) |
| 17:56 | Build | Farm |
| 18:14 | Research | Castle Age |
| 18:55 | Build | Farm |
| 19:00 | Build | Farm |
| 19:21 | Build | Farm |
| 19:27 | Research | Bloodlines |
| 20:00 | Build | Mill |
| 20:04 | Research | Scale Barding Armor |
| 20:15 | Build | Farm |
| 20:39 | Build | Farm |
| 20:42 | Age | Castle Age |
| 20:44 | Queue | Knight |
| 20:50 | Build | Farm |
| 21:19 | Queue | Knight |
| 21:26 | Research | Forging |
| 21:42 | Build | Farm |
| 21:46 | Queue | Knight |
| 22:15 | Queue | Knight |
| 22:34 | Research | Chain Barding Armor |
| 23:05 | Build | House |
| 23:06 | Build | House |
| 23:08 | Queue | Villager (Male) |
| 23:09 | Queue | Villager (Male) |
| 23:16 | Queue | Knight |
| 23:27 | Build | Siege Workshop |
| 24:24 | Build | House |
| 24:30 | Research | Iron Casting |
| 24:32 | Queue | Villager (Male) |
| 24:32 | Queue | Villager (Male) |
| 24:35 | Queue | Knight |
| 25:04 | Queue | Knight |
| 25:13 | Queue | Villager (Male) |
| 25:32 | Research | Horse Collar |
| 25:35 | Research | Double-Bit Axe |
| 25:56 | Build | Town Center |
| 26:03 | Build | Farm |
| 26:04 | Build | Farm |
| 26:04 | Build | Farm |
| 26:17 | Queue | Knight |
| 26:17 | Queue | Knight |
| 26:43 | Queue | Camel Scout |
| 26:51 | Queue | Camel Scout |
| 26:57 | Research | Heavy Plow |
| 27:01 | Queue | Villager (Male) |
| 27:01 | Queue | Villager (Male) |
| 27:18 | Queue | Villager (Male) |
| 27:18 | Queue | Villager (Male) |
| 27:20 | Build | Farm |
| 27:21 | Build | Farm |
| 27:49 | Build | House |
| 27:50 | Build | House |
| 27:51 | Build | House |
| 27:52 | Build | House |
| 28:11 | Build | Farm |
| 28:12 | Queue | Villager (Male) |
| 28:12 | Queue | Villager (Male) |
| 28:16 | Research | Wheelbarrow |
| 28:28 | Queue | Camel Scout |
| 28:30 | Research | Husbandry |
| 28:40 | Build | Farm |
| 28:47 | Build | Mining Camp |
| 28:49 | Research | Gold Mining |
| 29:59 | Queue | Camel Scout |
| 30:00 | Queue | Knight |
| 30:04 | Build | Farm |
| 30:07 | Queue | Villager (Male) |
| 30:08 | Queue | Villager (Male) |
| 30:09 | Queue | Villager (Male) |
| 30:09 | Queue | Villager (Male) |
| 30:37 | Queue | Villager (Male) |
| 30:37 | Queue | Villager (Male) |
| 30:59 | Queue | Camel Scout |
| 31:00 | Queue | Camel Scout |
| 31:36 | Queue | Camel Scout |
| 31:48 | Queue | Camel Scout |
| 31:52 | Queue | Battering Ram |
| 32:09 | Queue | Knight |
| 32:19 | Build | Farm |
| 32:20 | Build | Farm |
| 32:24 | Queue | Villager (Male) |
| 32:25 | Queue | Villager (Male) |
| 32:43 | Queue | Knight |
| 33:14 | Build | Market |
| 33:51 | Build | House |
| 33:52 | Build | House |
| 33:59 | Research | Hand Cart |
| 34:01 | Queue | Villager (Male) |
| 34:02 | Queue | Villager (Male) |
| 34:05 | Build | Farm |
| 34:08 | Build | Farm |
| 34:53 | Build | House |
| 34:55 | Build | House |
| 34:59 | Build | Farm |
| 35:13 | Queue | Villager (Male) |
| 35:13 | Queue | Villager (Male) |
| 35:13 | Queue | Villager (Male) |
| 35:16 | Queue | Villager (Male) |
| 35:16 | Queue | Villager (Male) |
| 35:21 | Research | Bow Saw |
| 35:53 | Queue | Villager (Male) |
Build order — Swish
First 150 of 164 actions detected
| 0:13 | Build | Town Center |
| 2:30 | Build | House |
| 2:37 | Queue | Villager (Male) ×4 |
| 2:37 | Queue | Villager (Male) ×4 |
| 3:57 | Queue | Villager (Male) |
| 4:20 | Queue | Villager (Male) |
| 4:38 | Build | Palisade Gate |
| 4:44 | Build | Palisade Gate |
| 5:19 | Queue | Villager (Male) |
| 5:19 | Queue | Villager (Male) |
| 5:30 | Build | House |
| 6:07 | Queue | Villager (Male) |
| 6:07 | Queue | Villager (Male) |
| 6:08 | Queue | Villager (Male) |
| 6:18 | Queue | Villager (Male) |
| 6:19 | Queue | Villager (Male) |
| 6:37 | Build | House |
| 6:57 | Queue | Villager (Male) |
| 7:07 | Queue | Villager (Male) |
| 7:29 | Queue | Villager (Male) |
| 7:32 | Build | Lumber Camp |
| 7:56 | Queue | Villager (Male) |
| 7:56 | Queue | Villager (Male) |
| 8:47 | Build | House |
| 9:12 | Build | Mill |
| 9:43 | Build | House |
| 9:46 | Queue | Villager (Male) |
| 9:56 | Research | Loom |
| 10:24 | Research | Feudal Age |
| 10:30 | Build | House |
| 10:34 | Build | House |
| 10:40 | Build | Palisade Gate |
| 11:39 | Build | Barracks |
| 12:05 | Queue | Villager (Male) |
| 12:06 | Queue | Villager (Male) |
| 12:39 | Queue | Villager (Male) |
| 12:54 | Age | Feudal Age |
| 12:55 | Build | Stable |
| 12:58 | Queue | Spearman |
| 13:04 | Queue | Villager (Male) |
| 13:22 | Queue | Scout Cavalry |
| 13:22 | Queue | Scout Cavalry |
| 13:34 | Queue | Scout Cavalry |
| 13:41 | Build | Mill |
| 13:53 | Build | Farm |
| 13:56 | Queue | Villager (Male) |
| 14:11 | Queue | Villager (Male) |
| 14:20 | Queue | Spearman |
| 14:29 | Build | Palisade Wall |
| 14:30 | Build | Palisade Wall |
| 14:31 | Build | Palisade Wall |
| 14:33 | Build | Palisade Wall |
| 14:40 | Build | Palisade Wall |
| 15:24 | Queue | Villager (Male) |
| 15:24 | Queue | Villager (Male) |
| 15:37 | Queue | Villager (Male) |
| 15:45 | Queue | Villager (Male) |
| 15:49 | Build | Mining Camp |
| 15:53 | Queue | Scout Cavalry |
| 15:53 | Queue | Scout Cavalry |
| 15:59 | Build | Blacksmith |
| 16:18 | Queue | Villager (Male) |
| 16:23 | Research | Double-Bit Axe |
| 16:25 | Queue | Villager (Male) |
| 16:29 | Build | Farm |
| 16:30 | Build | Farm |
| 16:39 | Queue | Scout Cavalry |
| 16:57 | Research | Forging |
| 17:08 | Build | House |
| 17:51 | Queue | Villager (Male) |
| 18:15 | Build | Market |
| 18:28 | Research | Scale Barding Armor |
| 18:37 | Build | Mill |
| 19:45 | Build | Town Center |
| 20:13 | Research | Bloodlines |
| 20:55 | Research | Castle Age |
| 22:32 | Research | Wheelbarrow |
| 23:30 | Queue | Villager (Male) |
| 23:32 | Queue | Villager (Male) |
| 23:35 | Age | Castle Age |
| 23:51 | Build | Town Center |
| 24:21 | Build | House |
| 24:23 | Build | House |
| 24:56 | Queue | Camel Scout |
| 24:56 | Queue | Camel Scout |
| 25:55 | Research | Light Cavalry (upgrade) |
| 26:02 | Queue | Villager (Male) |
| 26:07 | Build | Farm |
| 26:08 | Build | Farm |
| 26:09 | Build | Farm |
| 26:10 | Build | Farm |
| 26:52 | Build | Farm |
| 26:54 | Build | Farm |
| 26:54 | Build | Farm |
| 26:54 | Build | Farm |
| 26:57 | Build | Farm |
| 27:16 | Queue | Villager (Male) |
| 27:46 | Build | House |
| 27:46 | Build | House |
| 27:50 | Build | Mill |
| 28:07 | Queue | Scout Cavalry |
| 28:21 | Queue | Villager (Male) |
| 28:47 | Build | House |
| 29:25 | Queue | Villager (Male) |
| 29:25 | Queue | Villager (Male) |
| 29:26 | Queue | Villager (Male) |
| 29:27 | Build | House |
| 29:47 | Build | House |
| 30:07 | Build | Farm |
| 30:08 | Build | Farm |
| 30:09 | Build | Farm |
| 30:10 | Build | Farm |
| 30:12 | Queue | Villager (Male) |
| 30:12 | Queue | Villager (Male) |
| 30:13 | Queue | Villager (Male) |
| 30:18 | Build | House |
| 30:20 | Build | House |
| 30:39 | Queue | Villager (Male) |
| 31:25 | Queue | Villager (Male) |
| 31:51 | Research | Husbandry |
| 32:09 | Queue | Scout Cavalry ×5 |
| 32:21 | Build | Town Center |
| 32:40 | Queue | Villager (Male) |
| 32:41 | Queue | Villager (Male) |
| 32:48 | Build | Town Center |
| 34:00 | Build | Mining Camp |
| 34:14 | Queue | Scout Cavalry |
| 34:19 | Queue | Villager (Male) |
| 34:19 | Queue | Villager (Male) |
| 34:33 | Queue | Villager (Male) |
| 34:34 | Queue | Villager (Male) |
| 34:36 | Queue | Villager (Male) |
| 35:12 | Queue | Scout Cavalry |
| 35:16 | Queue | Villager (Male) |
| 35:18 | Queue | Villager (Male) |
| 35:27 | Research | Chain Barding Armor |
| 35:27 | Research | Iron Casting |
| 35:40 | Queue | Villager (Male) |
| 35:41 | Queue | Villager (Male) |
| 35:42 | Queue | Villager (Male) |
| 35:42 | Queue | Villager (Male) |
| 35:43 | Queue | Villager (Male) |
| 36:18 | Queue | Scout Cavalry |
| 36:19 | Queue | Scout Cavalry |
| 36:40 | Build | Town Center |
| 36:56 | Queue | Villager (Male) |
| 36:57 | Queue | Villager (Male) |
| 37:21 | Build | House |
| 37:21 | Build | House |
| 37:21 | Build | House |
Build order — Relief
119 actions detected in the replay
| 1:33 | Build | Town Center |
| 2:50 | Build | House |
| 3:24 | Queue | Villager (Male) |
| 3:25 | Queue | Villager (Male) |
| 3:25 | Queue | Villager (Male) |
| 4:20 | Queue | Villager (Male) |
| 5:04 | Queue | Villager (Male) |
| 5:04 | Queue | Villager (Male) |
| 5:52 | Queue | Villager (Male) |
| 6:23 | Queue | Villager (Male) |
| 6:28 | Build | House |
| 6:30 | Research | Loom |
| 6:31 | Queue | Villager (Male) |
| 6:40 | Queue | Villager (Male) |
| 7:38 | Queue | Villager (Male) |
| 8:04 | Queue | Villager (Male) |
| 8:20 | Queue | Villager (Male) |
| 8:38 | Build | House |
| 8:48 | Queue | Villager (Male) |
| 9:34 | Build | Mill |
| 9:41 | Queue | Villager (Male) |
| 9:42 | Queue | Villager (Male) |
| 10:19 | Build | Mill |
| 10:21 | Queue | Villager (Male) |
| 10:21 | Queue | Villager (Male) |
| 10:35 | Build | House |
| 11:07 | Queue | Villager (Male) |
| 11:36 | Queue | Villager (Male) |
| 11:57 | Build | Mill |
| 12:14 | Queue | Villager (Male) |
| 12:29 | Build | Barracks |
| 12:47 | Queue | Villager (Male) |
| 13:18 | Build | Lumber Camp |
| 13:45 | Research | Feudal Age |
| 14:20 | Build | House |
| 15:55 | Age | Feudal Age |
| 15:57 | Build | Stable |
| 16:00 | Build | Blacksmith |
| 16:29 | Build | Mining Camp |
| 16:56 | Queue | Scout Cavalry |
| 17:20 | Build | Lumber Camp |
| 17:58 | Queue | Villager (Male) |
| 17:59 | Queue | Villager (Male) |
| 18:43 | Queue | Scout Cavalry |
| 18:43 | Queue | Scout Cavalry |
| 18:44 | Queue | Scout Cavalry |
| 18:58 | Queue | Scout Cavalry |
| 18:58 | Queue | Scout Cavalry |
| 19:38 | Queue | Scout Cavalry |
| 22:03 | Queue | Villager (Male) |
| 22:04 | Queue | Villager (Male) |
| 22:56 | Queue | Villager (Male) |
| 22:58 | Queue | Villager (Male) |
| 23:47 | Queue | Villager (Male) |
| 24:16 | Queue | Spearman |
| 24:16 | Queue | Spearman |
| 24:23 | Build | Farm |
| 25:10 | Queue | Villager (Male) |
| 25:10 | Queue | Villager (Male) |
| 25:32 | Build | Mill |
| 25:38 | Queue | Villager (Male) |
| 25:59 | Build | Farm |
| 26:07 | Build | Farm |
| 26:15 | Queue | Villager (Male) |
| 26:41 | Build | Farm |
| 26:46 | Build | Farm |
| 26:51 | Build | Farm |
| 26:52 | Queue | Villager (Male) |
| 27:05 | Build | Farm |
| 27:27 | Research | Castle Age |
| 27:31 | Build | Farm |
| 27:35 | Build | House |
| 28:06 | Queue | Villager (Male) |
| 28:06 | Queue | Villager (Male) |
| 28:28 | Build | Mining Camp |
| 28:37 | Build | Archery Range |
| 28:58 | Research | Fletching |
| 29:24 | Queue | Spearman |
| 29:24 | Queue | Spearman |
| 29:39 | Queue | Skirmisher |
| 29:39 | Queue | Skirmisher |
| 30:07 | Age | Castle Age |
| 30:10 | Research | Elite Skirmisher (upgrade) |
| 30:13 | Research | Pikeman (upgrade) |
| 30:29 | Queue | Villager (Male) |
| 30:52 | Build | Farm |
| 31:22 | Queue | Genitour |
| 31:23 | Queue | Skirmisher |
| 31:24 | Queue | Skirmisher |
| 32:11 | Queue | Villager (Male) |
| 32:11 | Queue | Villager (Male) |
| 33:28 | Queue | Spearman |
| 33:29 | Queue | Spearman |
| 33:29 | Queue | Spearman |
| 33:48 | Queue | Villager (Male) |
| 33:48 | Queue | Villager (Male) |
| 34:25 | Queue | Villager (Male) |
| 34:25 | Queue | Villager (Male) |
| 34:31 | Queue | Skirmisher |
| 34:31 | Queue | Skirmisher |
| 34:46 | Queue | Skirmisher |
| 35:08 | Queue | Villager (Male) |
| 35:37 | Queue | Villager (Male) |
| 35:58 | Build | Town Center |
| 36:08 | Queue | Villager (Male) |
| 36:21 | Queue | Villager (Male) |
| 36:43 | Build | House |
| 36:48 | Queue | Villager (Male) |
| 37:10 | Queue | Villager (Male) |
| 37:10 | Queue | Villager (Male) |
| 37:42 | Build | Farm |
| 37:43 | Queue | Villager (Male) |
| 37:43 | Queue | Villager (Male) |
| 37:44 | Queue | Villager (Male) |
| 37:53 | Build | Farm |
| 38:09 | Build | Farm |
| 38:12 | Queue | Villager (Male) |
| 38:26 | Queue | Skirmisher |
| 38:26 | Queue | Skirmisher |
Build order — youngViper
First 150 of 301 actions detected
| 0:09 | Build | Town Center |
| 0:43 | Build | House |
| 2:23 | Queue | Villager (Male) |
| 2:24 | Queue | Villager (Male) |
| 2:24 | Queue | Villager (Male) |
| 2:24 | Queue | Villager (Male) |
| 3:44 | Queue | Villager (Male) |
| 3:56 | Build | House |
| 4:06 | Build | Lumber Camp |
| 4:27 | Queue | Villager (Male) |
| 4:32 | Build | House |
| 4:53 | Queue | Villager (Male) |
| 5:14 | Queue | Villager (Male) |
| 5:47 | Queue | Villager (Male) |
| 6:12 | Queue | Villager (Male) |
| 6:29 | Queue | Villager (Male) |
| 6:41 | Build | House |
| 6:55 | Queue | Villager (Male) |
| 6:56 | Queue | Villager (Male) |
| 7:07 | Build | Mill |
| 7:29 | Queue | Villager (Male) |
| 7:30 | Queue | Villager (Male) |
| 8:04 | Build | House |
| 8:09 | Build | House |
| 8:13 | Build | House |
| 8:25 | Build | House |
| 8:37 | Research | Loom |
| 9:17 | Queue | Villager (Male) |
| 9:51 | Research | Feudal Age |
| 10:38 | Build | House |
| 12:01 | Age | Feudal Age |
| 12:03 | Research | Double-Bit Axe |
| 12:04 | Queue | Villager (Male) |
| 12:04 | Queue | Villager (Male) |
| 12:08 | Build | Blacksmith |
| 12:12 | Build | Market |
| 12:43 | Queue | Villager (Male) |
| 13:01 | Build | Mill |
| 13:09 | Build | House |
| 13:17 | Queue | Villager (Male) |
| 13:47 | Queue | Villager (Male) |
| 14:08 | Build | Farm |
| 14:10 | Build | Farm |
| 14:11 | Build | Farm |
| 14:17 | Queue | Villager (Male) |
| 14:22 | Research | Horse Collar |
| 14:38 | Queue | Villager (Male) |
| 14:45 | Research | Wheelbarrow |
| 14:48 | Build | Farm |
| 15:37 | Build | Mill |
| 16:29 | Research | Castle Age |
| 17:42 | Build | House |
| 18:46 | Queue | Villager (Male) |
| 18:46 | Queue | Villager (Male) |
| 19:08 | Queue | Villager (Male) |
| 19:08 | Queue | Villager (Male) |
| 19:09 | Age | Castle Age |
| 19:11 | Build | Town Center |
| 19:15 | Build | Town Center |
| 19:17 | Research | Bow Saw |
| 19:19 | Queue | Villager (Male) |
| 19:25 | Research | Heavy Plow |
| 20:44 | Queue | Villager (Male) |
| 20:44 | Queue | Villager (Male) |
| 20:47 | Queue | Villager (Male) |
| 20:55 | Build | Barracks |
| 20:58 | Queue | Villager (Male) |
| 20:58 | Queue | Villager (Male) |
| 20:58 | Queue | Villager (Male) |
| 20:58 | Queue | Villager (Male) |
| 20:59 | Queue | Villager (Male) |
| 20:59 | Queue | Villager (Male) |
| 20:59 | Queue | Villager (Male) |
| 21:32 | Queue | Villager (Male) |
| 21:32 | Queue | Villager (Male) |
| 21:40 | Build | Town Center |
| 21:44 | Build | House |
| 21:47 | Build | House |
| 21:57 | Research | Town Watch |
| 22:05 | Queue | Villager (Male) |
| 22:09 | Build | Farm |
| 22:15 | Build | Farm |
| 22:22 | Build | House |
| 22:26 | Build | Farm |
| 22:29 | Build | Farm |
| 22:30 | Build | Farm |
| 22:35 | Queue | Villager (Male) |
| 22:35 | Queue | Villager (Male) |
| 22:49 | Build | Farm |
| 22:56 | Queue | Villager (Male) |
| 22:56 | Queue | Villager (Male) |
| 22:57 | Queue | Villager (Male) |
| 23:41 | Build | Castle |
| 23:43 | Queue | Villager (Male) |
| 23:45 | Queue | Villager (Male) |
| 23:46 | Queue | Villager (Male) |
| 23:48 | Queue | Villager (Male) |
| 23:49 | Queue | Villager (Male) |
| 23:49 | Queue | Villager (Male) |
| 23:52 | Build | Farm |
| 23:53 | Build | Farm |
| 24:00 | Build | Farm |
| 24:03 | Build | Farm |
| 24:08 | Build | Farm |
| 24:08 | Build | Farm |
| 24:09 | Build | Farm |
| 24:09 | Build | Farm |
| 24:09 | Build | Farm |
| 24:10 | Build | Farm |
| 24:17 | Build | Farm |
| 24:21 | Queue | Villager (Male) |
| 24:21 | Queue | Villager (Male) |
| 24:21 | Queue | Villager (Male) |
| 24:43 | Queue | Villager (Male) |
| 24:44 | Queue | Villager (Male) |
| 24:48 | Build | Farm |
| 24:50 | Build | Farm |
| 24:54 | Build | Farm |
| 24:57 | Queue | Villager (Male) |
| 24:58 | Queue | Villager (Male) |
| 25:13 | Build | Mill |
| 25:22 | Build | Farm |
| 25:25 | Build | Farm |
| 25:27 | Build | Farm |
| 25:29 | Queue | Villager (Male) |
| 25:30 | Queue | Villager (Male) |
| 25:30 | Queue | Villager (Male) |
| 25:30 | Queue | Villager (Male) |
| 25:34 | Queue | Mameluke |
| 25:41 | Build | Farm |
| 25:53 | Queue | Villager (Male) |
| 25:53 | Queue | Villager (Male) |
| 25:56 | Queue | Mameluke ×2 |
| 26:07 | Build | Stable |
| 26:12 | Build | House |
| 26:19 | Queue | Mameluke ×3 |
| 26:22 | Queue | Villager (Male) |
| 26:23 | Queue | Villager (Male) |
| 26:24 | Queue | Villager (Male) |
| 26:40 | Queue | Villager (Male) |
| 26:40 | Queue | Villager (Male) |
| 26:40 | Queue | Villager (Male) |
| 26:44 | Build | House |
| 27:01 | Queue | Mameluke |
| 27:48 | Queue | Villager (Male) |
| 27:48 | Queue | Villager (Male) |
| 27:48 | Queue | Villager (Male) |
| 27:48 | Queue | Villager (Male) |
| 27:49 | Queue | Villager (Male) |
| 27:49 | Queue | Villager (Male) |
Build order — youngHera
First 150 of 239 actions detected
| 0:19 | Build | Town Center |
| 2:13 | Build | House |
| 2:27 | Queue | Villager (Male) |
| 2:27 | Queue | Villager (Male) |
| 2:27 | Queue | Villager (Male) |
| 2:28 | Queue | Villager (Male) |
| 2:28 | Queue | Villager (Male) |
| 2:28 | Queue | Villager (Male) |
| 3:46 | Queue | Villager (Male) |
| 4:03 | Build | Lumber Camp |
| 4:06 | Queue | Villager (Male) |
| 4:06 | Queue | Villager (Male) |
| 4:37 | Build | House |
| 4:51 | Queue | Villager (Male) |
| 4:52 | Queue | Villager (Male) |
| 5:29 | Queue | Villager (Male) |
| 5:59 | Queue | Villager (Male) |
| 6:00 | Queue | Villager (Male) |
| 6:12 | Build | House |
| 6:19 | Research | Loom |
| 6:36 | Queue | Villager (Male) |
| 7:05 | Queue | Villager (Male) |
| 7:24 | Build | Mill |
| 7:28 | Queue | Villager (Male) |
| 7:28 | Queue | Villager (Male) |
| 7:45 | Queue | Villager (Male) |
| 8:15 | Queue | Villager (Male) |
| 8:15 | Queue | Villager (Male) |
| 8:52 | Build | Barracks |
| 8:58 | Queue | Villager (Male) |
| 8:58 | Queue | Villager (Male) |
| 9:08 | Queue | Villager (Male) |
| 9:17 | Build | House |
| 9:37 | Build | Mining Camp |
| 9:46 | Queue | Villager (Male) |
| 9:46 | Queue | Villager (Male) |
| 9:47 | Queue | Villager (Male) |
| 9:47 | Queue | Villager (Male) |
| 10:00 | Queue | Militia |
| 10:10 | Queue | Villager (Male) |
| 10:18 | Queue | Villager (Male) |
| 11:02 | Build | House |
| 11:23 | Queue | Villager (Male) |
| 11:26 | Queue | Militia |
| 11:26 | Queue | Militia |
| 11:27 | Queue | Militia |
| 11:35 | Queue | Villager (Male) |
| 11:43 | Build | House |
| 11:48 | Queue | Villager (Male) |
| 12:23 | Research | Feudal Age |
| 12:39 | Queue | Militia |
| 12:40 | Queue | Militia |
| 12:53 | Queue | Militia |
| 12:53 | Queue | Militia |
| 13:05 | Build | Mill |
| 13:17 | Queue | Militia |
| 13:24 | Build | House |
| 13:38 | Build | Mill |
| 13:53 | Build | House |
| 14:12 | Queue | Villager (Male) |
| 14:33 | Age | Feudal Age |
| 14:34 | Research | Man-at-Arms (upgrade) |
| 14:42 | Queue | Villager (Male) |
| 14:46 | Research | Double-Bit Axe |
| 15:07 | Queue | Militia |
| 15:08 | Queue | Militia |
| 15:11 | Queue | Villager (Male) |
| 15:11 | Queue | Villager (Male) |
| 15:34 | Queue | Militia |
| 15:34 | Queue | Militia |
| 15:50 | Build | Watch Tower |
| 15:56 | Queue | Militia |
| 16:05 | Queue | Villager (Male) |
| 16:22 | Queue | Villager (Male) |
| 16:34 | Build | House |
| 16:37 | Queue | Villager (Male) |
| 17:08 | Queue | Villager (Male) |
| 17:10 | Queue | Villager (Male) |
| 17:25 | Build | Lumber Camp |
| 17:39 | Queue | Militia |
| 18:01 | Queue | Villager (Male) |
| 18:07 | Build | Blacksmith |
| 18:35 | Build | Market |
| 18:55 | Queue | Villager (Male) |
| 18:57 | Queue | Villager (Male) |
| 19:00 | Build | House |
| 19:26 | Research | Castle Age |
| 20:18 | Queue | Militia |
| 20:18 | Queue | Militia |
| 20:19 | Queue | Militia |
| 20:26 | Queue | Villager (Male) |
| 20:26 | Queue | Villager (Male) |
| 20:57 | Queue | Villager (Male) |
| 21:06 | Build | House |
| 22:18 | Queue | Villager (Male) |
| 22:24 | Build | Watch Tower |
| 22:25 | Age | Castle Age |
| 22:45 | Build | Town Center |
| 22:56 | Build | Mill |
| 23:06 | Research | Fletching |
| 23:19 | Queue | Villager (Male) |
| 23:58 | Queue | Villager (Male) |
| 23:58 | Queue | Villager (Male) |
| 24:22 | Research | Bodkin Arrow |
| 24:40 | Build | Castle |
| 25:35 | Queue | War Wagon |
| 25:43 | Queue | Villager (Male) |
| 25:43 | Queue | Villager (Male) |
| 25:43 | Queue | Villager (Male) |
| 25:50 | Build | Mill |
| 25:58 | Queue | War Wagon |
| 25:59 | Queue | War Wagon |
| 26:05 | Queue | Villager (Male) |
| 26:15 | Build | Mining Camp |
| 26:24 | Queue | Villager (Male) |
| 26:27 | Queue | Villager (Male) |
| 27:08 | Queue | Villager (Male) |
| 27:08 | Queue | Villager (Male) |
| 27:13 | Queue | War Wagon |
| 27:27 | Queue | Villager (Male) |
| 27:27 | Queue | Villager (Male) |
| 27:28 | Queue | Villager (Male) |
| 27:37 | Build | Watch Tower |
| 27:55 | Queue | Villager (Male) |
| 27:55 | Queue | Villager (Male) |
| 27:58 | Queue | Villager (Male) |
| 28:04 | Build | Mining Camp |
| 28:34 | Queue | Villager (Male) |
| 28:34 | Queue | Villager (Male) |
| 28:40 | Build | Siege Workshop |
| 28:44 | Queue | Petard |
| 28:44 | Queue | Petard |
| 28:48 | Queue | Villager (Male) |
| 28:48 | Queue | Villager (Male) |
| 29:02 | Queue | Petard |
| 29:02 | Queue | Petard |
| 29:22 | Queue | Villager (Male) |
| 29:35 | Queue | Iron Pagoda |
| 29:38 | Queue | Petard |
| 29:55 | Queue | Petard |
| 30:33 | Queue | Petard |
| 30:33 | Queue | Petard |
| 30:38 | Queue | Villager (Male) |
| 30:39 | Queue | Villager (Male) |
| 30:51 | Build | Farm |
| 30:51 | Build | Farm |
| 30:51 | Build | Farm |
| 30:51 | Build | Farm |
| 30:51 | Build | Farm |
| 30:52 | Build | Farm |
Build order — Quando
First 150 of 162 actions detected
| 0:07 | Build | Town Center |
| 2:27 | Build | House |
| 2:30 | Queue | Villager (Male) |
| 2:30 | Queue | Villager (Male) |
| 2:42 | Queue | Villager (Male) |
| 3:26 | Queue | Villager (Male) |
| 3:34 | Research | Loom |
| 3:58 | Queue | Villager (Male) |
| 3:58 | Queue | Villager (Male) |
| 4:09 | Queue | Villager (Male) |
| 5:15 | Queue | Villager (Male) |
| 5:18 | Queue | Villager (Male) |
| 5:27 | Build | House |
| 5:29 | Build | Lumber Camp |
| 5:50 | Queue | Villager (Male) |
| 6:32 | Queue | Villager (Male) |
| 6:33 | Queue | Villager (Male) |
| 6:36 | Build | House |
| 6:49 | Queue | Villager (Male) |
| 7:08 | Queue | Villager (Male) |
| 7:28 | Queue | Villager (Male) |
| 7:46 | Build | Mill |
| 7:49 | Queue | Villager (Male) |
| 8:03 | Queue | Villager (Male) |
| 8:30 | Queue | Villager (Male) |
| 9:20 | Build | House |
| 9:34 | Queue | Villager (Male) |
| 9:41 | Queue | Villager (Male) |
| 10:09 | Build | Mining Camp |
| 10:26 | Queue | Villager (Male) |
| 11:01 | Research | Feudal Age |
| 11:19 | Build | House |
| 11:33 | Build | House |
| 11:54 | Build | House |
| 12:36 | Queue | Villager (Male) |
| 12:36 | Queue | Villager (Male) |
| 13:25 | Age | Feudal Age |
| 13:26 | Build | Market |
| 13:29 | Build | Blacksmith |
| 14:17 | Research | Castle Age |
| 14:25 | Build | Palisade Wall |
| 14:40 | Queue | Villager (Male) |
| 14:48 | Build | Outpost |
| 14:51 | Build | House |
| 14:54 | Build | House |
| 14:55 | Build | Palisade Wall |
| 14:55 | Build | Palisade Wall |
| 15:33 | Build | Outpost |
| 15:44 | Build | Barracks |
| 15:57 | Build | Palisade Wall |
| 16:02 | Build | Palisade Wall |
| 16:06 | Build | Palisade Wall |
| 16:06 | Build | Palisade Wall |
| 16:09 | Build | Palisade Wall |
| 16:10 | Build | Palisade Wall |
| 16:10 | Build | Palisade Wall |
| 16:38 | Build | House |
| 16:57 | Age | Castle Age |
| 17:19 | Research | Town Watch |
| 17:26 | Build | Outpost |
| 17:29 | Queue | Villager (Male) |
| 17:46 | Build | Castle |
| 17:50 | Build | House |
| 18:14 | Queue | Villager (Male) |
| 18:24 | Queue | Villager (Male) |
| 18:30 | Research | Double-Bit Axe |
| 18:44 | Build | Mining Camp |
| 18:47 | Build | Mining Camp |
| 18:49 | Queue | Villager (Male) |
| 19:13 | Queue | Mangudai |
| 19:14 | Queue | Villager (Male) |
| 19:29 | Queue | Mangudai |
| 19:37 | Build | House |
| 19:38 | Build | House |
| 19:58 | Queue | Villager (Male) |
| 20:13 | Research | Fletching |
| 20:21 | Queue | Mangudai |
| 20:26 | Queue | Villager (Male) |
| 20:44 | Queue | Villager (Male) |
| 20:55 | Queue | Mangudai |
| 21:32 | Queue | Villager (Male) |
| 21:34 | Queue | Mangudai |
| 21:46 | Build | Town Center |
| 22:03 | Queue | Mangudai |
| 22:12 | Queue | Villager (Male) |
| 22:50 | Queue | Villager (Male) |
| 22:51 | Queue | Mangudai |
| 23:18 | Queue | Villager (Male) |
| 23:21 | Queue | Mangudai |
| 23:38 | Queue | Villager (Male) |
| 24:03 | Queue | Mangudai |
| 24:17 | Build | Castle |
| 24:26 | Queue | Villager (Male) |
| 24:28 | Queue | Mangudai |
| 24:28 | Queue | Mangudai |
| 24:31 | Queue | Villager (Male) |
| 25:12 | Queue | Villager (Male) |
| 25:13 | Queue | Mangudai |
| 25:35 | Queue | Villager (Male) |
| 25:36 | Queue | Mangudai |
| 25:53 | Queue | Villager (Male) |
| 25:53 | Queue | Villager (Male) |
| 25:58 | Build | Town Center |
| 26:05 | Queue | Villager (Male) |
| 26:05 | Queue | Villager (Male) |
| 26:16 | Queue | Villager (Male) |
| 26:16 | Queue | Villager (Male) |
| 26:19 | Queue | Mangudai |
| 26:35 | Build | Mill |
| 26:57 | Queue | Mangudai |
| 27:26 | Queue | Villager (Male) |
| 27:32 | Queue | Villager (Male) |
| 27:32 | Queue | Villager (Male) |
| 28:21 | Queue | Villager (Male) |
| 29:18 | Queue | Villager (Male) |
| 29:18 | Queue | Villager (Male) |
| 29:19 | Queue | Villager (Male) |
| 29:44 | Queue | Villager (Male) |
| 30:03 | Queue | Villager (Male) |
| 30:30 | Queue | Villager (Male) |
| 30:31 | Queue | Villager (Male) |
| 30:32 | Queue | Mangudai |
| 30:42 | Build | Castle |
| 30:51 | Queue | Villager (Male) |
| 30:52 | Queue | Villager (Male) |
| 31:28 | Queue | Villager (Male) |
| 31:30 | Queue | Mangudai |
| 31:45 | Queue | Villager (Male) |
| 32:10 | Queue | Villager (Male) |
| 32:42 | Queue | Villager (Male) |
| 32:47 | Queue | Villager (Male) |
| 32:48 | Queue | Mangudai |
| 33:02 | Queue | Villager (Male) |
| 33:13 | Queue | Mangudai |
| 33:38 | Queue | Villager (Male) |
| 33:38 | Queue | Villager (Male) |
| 33:40 | Queue | Mangudai |
| 33:42 | Queue | Villager (Male) |
| 34:05 | Queue | Villager (Male) |
| 34:23 | Queue | Villager (Male) |
| 34:31 | Build | Mill |
| 34:46 | Queue | Villager (Male) |
| 35:12 | Queue | Villager (Male) |
| 35:13 | Queue | Villager (Male) |
| 35:49 | Queue | Villager (Male) |
| 35:49 | Queue | Villager (Male) |
| 35:53 | Queue | Villager (Male) |
| 35:57 | Queue | Mangudai |
| 36:18 | Build | Mining Camp |
| 36:22 | Queue | Villager (Male) |
Match timeline
| 8:52 | youngHera · first_building Barracks |
| 11:39 | Swish · first_building Barracks |
| 12:01 | youngViper · age_up feudal |
| 12:29 | Relief · first_building Barracks |
| 12:35 | Fr4ggi · first_building Barracks |
| 12:54 | Swish · age_up feudal |
| 12:55 | Swish · first_building Stable |
| 13:25 | Quando · age_up feudal |
| 14:25 | Quando · wall_segment Palisade Wall x1 |
| 14:29 | Swish · wall_segment Palisade Wall x1 |
| 14:30 | Swish · wall_segment Palisade Wall x1 |
| 14:31 | Swish · wall_segment Palisade Wall x1 |
| 14:33 | youngHera · age_up feudal |
| 14:33 | Swish · wall_segment Palisade Wall x1 |
| 14:40 | Swish · wall_segment Palisade Wall x1 |
| 14:55 | Quando · wall_segment Palisade Wall x1 |
| 14:55 | Quando · wall_segment Palisade Wall x1 |
| 15:44 | Quando · first_building Barracks |
| 15:45 | Fr4ggi · age_up feudal |
| 15:52 | Fr4ggi · first_building Stable |
| 15:55 | Relief · age_up feudal |
| 15:57 | Relief · first_building Stable |
| 15:57 | Quando · wall_segment Palisade Wall x1 |
| 16:02 | Quando · wall_segment Palisade Wall x1 |
| 16:06 | Quando · wall_segment Palisade Wall x1 |
| 16:06 | Quando · wall_segment Palisade Wall x1 |
| 16:09 | Quando · wall_segment Palisade Wall x1 |
| 16:10 | Quando · wall_segment Palisade Wall x1 |
| 16:10 | Quando · wall_segment Palisade Wall x1 |
| 16:57 | Quando · age_up castle |
| 17:39 | Quando · first_market_buy 100 stone |
| 17:46 | Quando · first_building Castle |
| 18:47 | Swish · first_market_sell 100 stone |
| 19:09 | youngViper · age_up castle |
| 19:12 | Quando · first_market_sell 100 stone |
| 20:42 | Fr4ggi · age_up castle |
| 20:51 | Swish · first_market_buy 100 food |
| 20:55 | youngViper · first_building Barracks |
| 22:25 | youngHera · age_up castle |
| 23:27 | Fr4ggi · first_building Siege Workshop |
| 23:35 | Swish · age_up castle |
| 23:41 | youngViper · first_building Castle |
| 24:35 | youngHera · first_market_buy 100 stone |
| 24:40 | youngHera · first_building Castle |
| 26:07 | youngViper · first_building Stable |
| 28:37 | Relief · first_building Archery Range |
| 28:40 | youngHera · first_building Siege Workshop |
| 30:07 | Relief · age_up castle |
| 31:37 | youngViper · first_building Siege Workshop |
| 31:53 | youngViper · tribute_sent a jugador 1 |
| 31:53 | youngViper · tribute_sent a jugador 2 |
| 31:53 | youngViper · tribute_sent a jugador 4 |
| 31:53 | youngViper · tribute_sent a jugador 5 |
| 31:53 | youngViper · tribute_sent a jugador 6 |
| 31:56 | youngViper · first_market_sell 100 wood |
| 35:13 | youngViper · tribute_sent a jugador 1 |
| 35:13 | youngViper · tribute_sent a jugador 2 |
| 35:13 | youngViper · tribute_sent a jugador 4 |
| 35:13 | youngViper · tribute_sent a jugador 5 |
| 35:13 | youngViper · tribute_sent a jugador 6 |
| 35:14 | youngViper · age_up imperial |
| 35:47 | Fr4ggi · tribute_sent a jugador 1 |
| 35:47 | Fr4ggi · tribute_sent a jugador 2 |
| 35:47 | Fr4ggi · tribute_sent a jugador 3 |
| 35:47 | Fr4ggi · tribute_sent a jugador 5 |
| 35:47 | Fr4ggi · tribute_sent a jugador 6 |
| 38:49 | Quando · resign |
[ AI ANALYSIS · 1 CREDIT ]
What really happened in this match?
Wolo.gg analyzes every decision: build order, eco, micro, common mistakes by bracket. Personalized analysis on WhatsApp or Discord in 30 seconds.
Civ guide
Persians
Perfil
Jugador #6051949